 Dungeon Crawl Stone Soup version 0.20-a0-1006-ge6c5631 (webtiles) character file.

115 IKeelU3 the Conjurer (level 5, -3/35 HPs)
             Began as a Bultungin Wizard on Apr 13, 2017.
             Slain by a bog mummy (17 damage)
             ... in an ossuary.
             The game lasted 00:09:11 (2766 turns).

IKeelU3 the Conjurer (Bultungin Wizard)             Turns: 2766, Time: 00:09:12

Health: -3/35      AC:  5    Str:  6    XL:     5   Next: 0%
Magic:  2/12       EV: 13    Int: 19    God:
Gold:   103        SH:  0    Dex: 13    Spells: 4/13 levels left

rFire    . . .     SeeInvis +   k - +0 short sword
rCold    . . .     Gourm    .   (no shield)
rNeg     . . .     Faith    .   a - +0 robe
rPois    .         Spirit   .   b - +0 hat
rElec    .         Reflect  .   r - +0 cloak
rCorr    .         Harm     .   x - +0 pair of gloves
MR       .....                  y - +0 pair of boots
Stlth    ++........             (no amulet)
Regen    0.2/turn               (no ring)
MPRegen  0.2/turn               (no ring)

@: no status effects
A: short attention span, fangs 1, see invisible, strong nose
a: no special abilities


You were in an ossuary.
You were not hungry.

You visited 1 branch of the dungeon, and saw 4 of its levels.
You also visited: Ossuary.

You collected 103 gold pieces.

Inventory:

Hand Weapons
 k - a +0 short sword (weapon)
Armour
 a - a +0 robe (worn)
 b - a +0 hat (worn)
 r - a +0 cloak (worn)
 x - a +0 pair of gloves (worn)
 y - a +0 pair of boots (worn)
Scrolls
 n - a scroll of enchant weapon {unknown}
 p - a scroll of recharging
Potions
 g - a potion of might {unknown}
 h - a potion of magic {unknown}
 j - 2 potions of berserk rage
 o - a potion of agility {unknown}
 q - 2 potions of curing
 s - 2 potions of haste
 u - a potion of mutation {unknown}
 v - a potion of flight {unknown}
 z - 2 potions of ambrosia {unknown}
Books
 c - a book of Minor Magic

   Spells                             Type                      Level
   a - Magic Dart                     Conjuration                  1
   b - Blink                          Translocation                2
   c - Call Imp                       Summoning                    2
   d - Slow                           Hexes                        2
   e - Conjure Flame                  Conjuration/Fire             3
   f - Mephitic Cloud                 Conjuration/Poison/Air       3
Comestibles
 d - a bread ration
 i - a royal jelly
 w - a meat ration


   Skills:
 - Level 3.0 Dodging
 - Level 2.6 Stealth
 + Level 4.8 Spellcasting
 - Level 6.0 Conjurations
   Level 1.5 Summonings
 - Level 1.7 Translocations
 - Level 1.3 Fire Magic
 - Level 1.1 Air Magic
 - Level 1.3 Poison Magic


You had 4 spell levels left.
You knew the following spells:

 Your Spells              Type           Power        Failure   Level  Hunger
a - Magic Dart            Conj           ####         1%          1    None
b - Blink                 Tloc           N/A          12%         2    #......
c - Mephitic Cloud        Conj/Pois/Air  ###.....     12%         3    ##.....
d - Conjure Flame         Conj/Fire      ###.....     12%         3    ##.....


Dungeon Overview and Level Annotations

Branches:
Dungeon (4/15)
 Temple: D:4-7

Altars:
Dithmenos
Ru
Trog
Xom

Annotations:
D:4 Grinder; IKeelU3's ghost, amateur BuWn


Innate Abilities, Weirdness & Mutations

You have a short attention span.
You have very sharp teeth.
You have supernaturally acute eyesight. (SInv)
Your uncanny sense of smell can sniff out nearby items.


Message History

Press: ? - help, Shift-Dir - straight line, f/p - bog mummy
Aim: a bog mummy (lightly damaged)
The magic dart hits the bog mummy.
The bog mummy is moderately damaged.
The bog mummy closely misses you.
You hit the bog mummy.
The bog mummy is heavily damaged.
You hit the bog mummy.
The bog mummy is severely damaged.
The bog mummy hits you.
You barely miss the bog mummy.
The bog mummy is severely damaged.
The bog mummy hits you!
You barely miss the bog mummy.
The bog mummy is severely damaged.
You barely miss the bog mummy.
You bite the bog mummy, but do no damage.
The bog mummy is severely damaged.
The bog mummy hits you!
You die...

## ≈≈##
≈#. #≈. #
.≈
#≈##≈#####
#P≈≈#...#
∆∆∆
#ZM@∩.#
∆∆∆
#≈..Z#..∩#
∆∆∆
#≈≈≈≈#####
#≈#..Z
#≈≈≈##.
##≈# +≈
∆∆∆ #≈ #≈
∆∆∆ ≈ +Z
∆∆∆


You could see a bog mummy, a worker ant zombie and a centaur zombie.

Vanquished Creatures
  A howler monkey zombie (Ossuary)
  4 adders
  A worm (D:3)
  A dart slug (D:1)
  6 orcs
  4 giant cockroaches
  6 goblins
  5 hobgoblins
  5 jackals (D:4)
  5 kobolds
  A quokka (D:4)
  A ball python (D:1)
  4 bats
  4 frilled lizards (D:1)
  10 rats
58 creatures vanquished.

Notes
Turn   | Place    | Note
-------+----------+-------------------------------------------
     0 | D:1      | IKeelU3 the Bultungin Wizard began the quest for the Orb.
     0 | D:1      | Reached XP level 1. HP: 13/13 MP: 6/6
    88 | D:1      | Reached skill level 2 in Conjurations
   231 | D:1      | Reached skill level 3 in Conjurations
   231 | D:1      | Reached XP level 2. HP: 12/19 MP: 2/7
   568 | D:1      | Reached skill level 4 in Conjurations
   808 | D:1      | Reached XP level 3. HP: 24/24 MP: 5/9
  1058 | D:2      | Reached skill level 5 in Conjurations
  1293 | D:2      | Found a sacrificial altar of Ru.
  1468 | D:3      | Found a bloodstained altar of Trog.
  1481 | D:3      | Reached XP level 4. HP: 27/30 MP: 4/10
  1577 | D:3      | Found a shadowy altar of Dithmenos.
  1766 | D:3      | Reached skill level 6 in Conjurations
  1806 | D:3      | Learned a level 2 spell: Blink
  1810 | D:3      | Learned a level 3 spell: Mephitic Cloud
  1814 | D:3      | Learned a level 3 spell: Conjure Flame
  2308 | D:4      | Found a sand-covered staircase.
  2311 | D:4      | Found a shimmering altar of Xom.
  2317 | D:4      | Noticed Grinder
  2359 | D:4      | Noticed IKeelU3's ghost (amateur BuWn)
  2648 | D:3      | Reached skill level 1 in Air Magic
  2747 | Ossuary  | Entered an ossuary
  2757 | Ossuary  | Reached skill level 1 in Fire Magic
  2757 | Ossuary  | Reached skill level 1 in Poison Magic
  2757 | Ossuary  | Reached XP level 5. HP: 35/35 MP: 3/12
  2766 | Ossuary  | Slain by a bog mummy

Vault maps used:
D:1:      lemuel_arrival_broad_hall, corexii_item_surrounded_by_moat,
          serial_bayou_lagoon_a
D:2:      nicolae_ru_sacrificial_ziggurat
D:3:      overflow_temple_1_default, lemuel_doored_altar
D:4:      xom_butterflies, enter_ossuary_3, uniq_grinder, uniq_iyjb
Ossuary:  ossuary_zaba_flooded

Skill      XL: |  1  2  3  4 |
---------------+-------------+-----
Conjurations   | 3 4 5 6 |  6.0
Air Magic      | 1 |  1.1
Fire Magic     | 1 |  1.3
Poison Magic   | 1 |  1.3
Dodging        | |  3.0
Stealth        | |  2.6
Spellcasting   | |  4.8
Summonings     | |  1.5
Translocations | |  1.7

Action                   |  1- 3 |  4- 6 || total
-------------------------+-------+-------++-------
Melee: Unarmed           |     3 |       ||     3
       Bite              |     1 |     1 ||     2
       Short sword       |       |     8 ||     8
 Cast: Magic Dart        |    65 |    64 ||   129
  Use: Scroll            |     1 |     7 ||     8
  Eat: Chunk             |     2 |     3 ||     5
Armor: Robe              |     2 |    11 ||    13
Dodge: Dodged            |    11 |    27 ||    38
